[ AOE2 MATCH · #462486873 ]
Team RMGoths vs Lithuanians
[ REPLAY ANALYSIS · EXTRACTED FROM THE RECORDED GAME ]
Feudal
11:19
Castle
15:36
Imperial
—
| APM avg | 22.4 |
| APM peak | 59 |
| eAPM avg | 9.9 |
| Villagers / military | 62 / 1 |
Focus
⚔️ 3.9% · 🌾 96.1%
Mangonel ×1
Feudal
11:28
Castle
18:21
Imperial
—
| APM avg | 29.1 |
| APM peak | 64 |
| eAPM avg | 14.6 |
| Villagers / military | 61 / 0 |
Focus
⚔️ 8.2% · 🌾 91.8%
Feudal
10:10
Castle
19:08
Imperial
—
| APM avg | 24.0 |
| APM peak | 54 |
| eAPM avg | 14.0 |
| Villagers / military | 57 / 5 |
Focus
⚔️ 18.4% · 🌾 81.6%
Scout Cavalry ×2 · Monk ×1 · Knight ×1 · Battering Ram ×1
Feudal
11:04
Castle
15:17
Imperial
—
| APM avg | 21.8 |
| APM peak | 71 |
| eAPM avg | 8.9 |
| Villagers / military | 39 / 15 |
Focus
⚔️ 14.5% · 🌾 85.5%
Monk ×12 · Battering Ram ×3
Match map
Initial resources + every placement click. Lines = walls · curves = elevation contours. ◆ gold · ⬟ stone · ● berries · ✦ relic · ◌ wall gap
Your base· ✓ Closed at 15:36 · 0t walls · 3 gate(s)
Kobas394's base· ✓ Closed at 18:21 · 0t walls · 3 gate(s)
BaWro's base· ✓ Closed at 19:08 · 0t walls · 3 gate(s)
sarfaoui4's base· ✓ Closed at 15:17 · 0t walls · 3 gate(s)
Smoothed initial terrain · ◌ = detected wall gap · hover for details
Inputs per minute
— 菜是原罪 - - Kobas394
Build order — 菜是原罪
123 actions detected in the replay
| 0:00 | Create | Villager (Male) |
| 0:01 | Create | Villager (Male) |
| 0:01 | Create | Villager (Male) |
| 0:03 | Build | House |
| 0:05 | Build | House |
| 0:35 | Create | Villager (Male) |
| 1:37 | Create | Villager (Male) |
| 1:47 | Build | Lumber Camp |
| 2:00 | Create | Villager (Male) |
| 2:16 | Create | Villager (Male) |
| 3:00 | Build | House |
| 3:02 | Build | House |
| 3:08 | Create | Villager (Male) |
| 3:34 | Create | Villager (Male) |
| 3:34 | Create | Villager (Male) |
| 3:34 | Create | Villager (Male) |
| 4:03 | Create | Villager (Male) |
| 4:58 | Create | Villager (Male) |
| 4:58 | Create | Villager (Male) |
| 5:11 | Create | Villager (Male) |
| 5:28 | Build | Mill |
| 5:44 | Create | Villager (Male) |
| 6:18 | Create | Villager (Male) |
| 7:15 | Create | Villager (Male) |
| 7:15 | Create | Villager (Male) |
| 7:49 | Build | Mining Camp |
| 8:19 | Create | Villager (Male) |
| 8:20 | Create | Villager (Male) |
| 8:31 | Research | Feudal Age |
| 9:36 | Build | Farm |
| 9:37 | Build | Farm |
| 9:40 | Build | Farm |
| 9:46 | Build | Farm |
| 10:27 | Build | House |
| 10:37 | Create | Villager (Male) |
| 10:38 | Create | Villager (Male) |
| 10:39 | Create | Villager (Male) |
| 11:19 | Age | Feudal Age |
| 11:23 | Build | Market |
| 11:27 | Build | Blacksmith |
| 12:05 | Build | Blacksmith |
| 12:12 | Build | Blacksmith |
| 12:18 | Build | House |
| 12:20 | Build | House |
| 12:39 | Research | Double-Bit Axe |
| 12:41 | Research | Horse Collar |
| 12:56 | Research | Castle Age |
| 13:10 | Build | Farm |
| 13:11 | Build | Farm |
| 13:20 | Build | House |
| 13:21 | Build | House |
| 13:25 | Build | House |
| 15:29 | Create | Villager (Male) |
| 15:29 | Create | Villager (Male) |
| 15:29 | Create | Villager (Male) |
| 15:36 | Age | Castle Age |
| 15:38 | Research | Bow Saw |
| 15:38 | Research | Bow Saw |
| 15:46 | Build | Town Center |
| 15:57 | Build | House |
| 16:13 | Build | Town Center |
| 16:38 | Build | House |
| 16:39 | Build | House |
| 16:50 | Create | Villager (Male) |
| 16:50 | Create | Villager (Male) |
| 16:50 | Create | Villager (Male) |
| 17:09 | Create | Villager (Male) |
| 17:09 | Create | Villager (Male) |
| 17:10 | Create | Villager (Male) |
| 17:24 | Create | Villager (Male) |
| 17:41 | Build | House |
| 17:43 | Build | House |
| 17:44 | Build | House |
| 17:59 | Create | Villager (Male) |
| 18:00 | Create | Villager (Male) |
| 18:00 | Create | Villager (Male) |
| 18:05 | Build | Farm |
| 18:06 | Build | Farm |
| 18:08 | Build | Farm |
| 18:11 | Research | Heavy Plow |
| 18:24 | Create | Villager (Male) |
| 18:44 | Build | Farm |
| 18:55 | Create | Villager (Male) |
| 18:55 | Create | Villager (Male) |
| 19:19 | Create | Villager (Male) |
| 19:20 | Create | Villager (Male) |
| 19:20 | Create | Villager (Male) |
| 19:27 | Build | Town Center |
| 19:41 | Build | Lumber Camp |
| 19:47 | Build | Farm |
| 19:48 | Build | Farm |
| 19:50 | Build | Farm |
| 19:52 | Create | Villager (Male) |
| 19:53 | Create | Villager (Male) |
| 20:06 | Build | House |
| 20:09 | Build | Farm |
| 20:16 | Create | Villager (Male) |
| 20:17 | Create | Villager (Male) |
| 20:21 | Build | House |
| 20:23 | Build | House |
| 20:24 | Build | House |
| 20:25 | Build | House |
| 20:29 | Build | House |
| 20:40 | Build | Siege Workshop |
| 21:21 | Create | Villager (Male) |
| 21:21 | Create | Villager (Male) |
| 21:22 | Create | Villager (Male) |
| 21:22 | Create | Villager (Male) |
| 21:22 | Create | Villager (Male) |
| 21:23 | Create | Villager (Male) |
| 21:44 | Create | Mangonel |
| 21:48 | Create | Villager (Male) |
| 21:49 | Create | Villager (Male) |
| 22:07 | Create | Villager (Male) |
| 22:08 | Create | Villager (Male) |
| 22:25 | Build | Siege Workshop |
| 22:31 | Create | Villager (Male) |
| 22:31 | Create | Villager (Male) |
| 22:31 | Create | Villager (Male) |
| 22:58 | Build | Lumber Camp |
| 23:38 | Research | Loom |
| 23:41 | Create | Villager (Male) |
| 23:41 | Create | Villager (Male) |
Build order — Kobas394
First 150 of 155 actions detected
| 0:01 | Create | Villager (Male) |
| 0:01 | Create | Villager (Male) |
| 0:02 | Build | House |
| 0:04 | Build | House |
| 0:24 | Create | Villager (Male) |
| 0:58 | Create | Villager (Male) |
| 1:27 | Create | Villager (Male) |
| 1:49 | Build | Lumber Camp |
| 2:02 | Create | Villager (Male) |
| 2:21 | Create | Villager (Male) |
| 2:57 | Create | Villager (Male) |
| 3:15 | Create | Villager (Male) |
| 3:50 | Build | House |
| 3:51 | Build | House |
| 4:01 | Create | Villager (Male) |
| 4:01 | Create | Villager (Male) |
| 4:02 | Create | Villager (Male) |
| 4:48 | Create | Villager (Male) |
| 5:25 | Create | Villager (Male) |
| 5:26 | Create | Villager (Male) |
| 6:18 | Create | Villager (Male) |
| 6:19 | Create | Villager (Male) |
| 7:04 | Create | Villager (Male) |
| 7:19 | Create | Villager (Male) |
| 7:47 | Build | Mill |
| 8:03 | Create | Villager (Male) |
| 8:08 | Create | Villager (Male) |
| 8:09 | Create | Villager (Male) |
| 9:02 | Research | Feudal Age |
| 9:13 | Build | House |
| 9:59 | Build | Mining Camp |
| 10:27 | Create | Villager (Male) |
| 10:35 | Build | House |
| 11:28 | Age | Feudal Age |
| 11:35 | Research | Double-Bit Axe |
| 11:36 | Research | Horse Collar |
| 11:41 | Build | Blacksmith |
| 11:47 | Build | Market |
| 11:56 | Research | Horse Collar |
| 12:05 | Create | Villager (Male) |
| 12:05 | Create | Villager (Male) |
| 12:10 | Build | Farm |
| 12:10 | Build | Farm |
| 12:10 | Build | Farm |
| 12:10 | Build | Farm |
| 12:11 | Build | Farm |
| 12:11 | Build | Farm |
| 12:11 | Build | Farm |
| 12:11 | Build | Farm |
| 12:42 | Create | Villager (Male) |
| 12:54 | Build | Barracks |
| 12:58 | Build | Farm |
| 12:59 | Build | Farm |
| 12:59 | Build | Farm |
| 13:23 | Create | Villager (Male) |
| 13:46 | Create | Villager (Male) |
| 14:17 | Create | Villager (Male) |
| 14:30 | Build | Farm |
| 14:37 | Build | Farm |
| 14:39 | Build | Farm |
| 14:39 | Build | Farm |
| 14:39 | Build | Farm |
| 14:40 | Build | Farm |
| 14:40 | Build | Farm |
| 14:41 | Build | Farm |
| 14:45 | Create | Villager (Male) |
| 15:06 | Create | Villager (Male) |
| 15:15 | Build | Farm |
| 15:16 | Build | Farm |
| 15:28 | Create | Villager (Male) |
| 15:41 | Research | Castle Age |
| 16:01 | Build | Farm |
| 16:05 | Build | House |
| 16:06 | Build | House |
| 16:35 | Research | Gold Mining |
| 17:49 | Create | Villager (Male) |
| 17:51 | Create | Villager (Male) |
| 18:21 | Age | Castle Age |
| 18:22 | Research | Heavy Plow |
| 18:27 | Build | Town Center |
| 18:57 | Build | Town Center |
| 19:00 | Create | Villager (Male) |
| 19:01 | Create | Villager (Male) |
| 19:01 | Create | Villager (Male) |
| 19:25 | Create | Villager (Male) |
| 19:25 | Create | Villager (Male) |
| 19:53 | Research | Scale Mail Armor |
| 19:57 | Create | Villager (Male) |
| 19:57 | Create | Villager (Male) |
| 20:15 | Build | Monastery |
| 20:19 | Create | Villager (Male) |
| 20:20 | Create | Villager (Male) |
| 20:22 | Research | Wheelbarrow |
| 20:29 | Research | Bow Saw |
| 20:31 | Create | Villager (Male) |
| 20:32 | Create | Villager (Male) |
| 20:37 | Build | Farm |
| 21:12 | Create | Villager (Male) |
| 21:13 | Create | Villager (Male) |
| 21:13 | Create | Villager (Male) |
| 21:14 | Create | Villager (Male) |
| 21:35 | Build | University |
| 21:41 | Research | Pikeman (upgrade) |
| 21:45 | Research | Padded Archer Armor |
| 21:49 | Create | Villager (Male) |
| 21:49 | Create | Villager (Male) |
| 21:49 | Create | Villager (Male) |
| 21:55 | Build | Archery Range |
| 21:59 | Create | Villager (Male) |
| 22:22 | Create | Villager (Male) |
| 22:22 | Create | Villager (Male) |
| 22:23 | Create | Villager (Male) |
| 22:28 | Build | Farm |
| 22:28 | Build | Farm |
| 22:28 | Build | Farm |
| 22:28 | Build | Farm |
| 22:29 | Build | Farm |
| 22:29 | Build | Farm |
| 22:30 | Build | Farm |
| 22:33 | Build | Farm |
| 22:46 | Build | House |
| 23:00 | Create | Villager (Male) |
| 23:01 | Create | Villager (Male) |
| 23:01 | Create | Villager (Male) |
| 23:03 | Research | Elite Skirmisher (upgrade) |
| 23:07 | Research | Squires |
| 23:15 | Build | Farm |
| 23:15 | Build | Farm |
| 23:15 | Build | Farm |
| 23:16 | Build | Farm |
| 23:16 | Build | Farm |
| 23:16 | Build | Farm |
| 23:16 | Build | Farm |
| 23:23 | Create | Villager (Male) |
| 23:24 | Create | Villager (Male) |
| 23:36 | Build | House |
| 23:38 | Build | House |
| 23:39 | Build | House |
| 23:39 | Build | House |
| 23:39 | Build | House |
| 23:40 | Build | House |
| 23:40 | Build | House |
| 23:40 | Build | House |
| 23:44 | Build | House |
| 23:45 | Build | House |
| 23:45 | Build | House |
| 23:45 | Build | House |
| 23:46 | Build | House |
| 23:46 | Build | House |
| 23:46 | Build | House |
Build order — BaWro
132 actions detected in the replay
| 0:01 | Create | Villager (Male) |
| 0:01 | Create | Villager (Male) |
| 0:01 | Create | Villager (Male) |
| 0:01 | Create | Villager (Male) |
| 0:02 | Create | Villager (Male) |
| 0:03 | Build | House |
| 0:05 | Build | House |
| 1:25 | Create | Villager (Male) |
| 1:25 | Create | Villager (Male) |
| 1:47 | Build | Lumber Camp |
| 2:00 | Create | Villager (Male) |
| 2:00 | Create | Villager (Male) |
| 2:24 | Create | Villager (Male) |
| 2:24 | Create | Villager (Male) |
| 2:24 | Create | Villager (Male) |
| 2:56 | Research | Loom |
| 2:56 | Research | Loom |
| 2:56 | Research | Loom |
| 2:59 | Build | House |
| 3:13 | Create | Villager (Male) |
| 3:49 | Create | Villager (Male) |
| 3:54 | Build | Mill |
| 4:11 | Create | Villager (Male) |
| 4:31 | Create | Villager (Male) |
| 4:46 | Create | Villager (Male) |
| 5:26 | Create | Villager (Male) |
| 5:47 | Create | Villager (Male) |
| 6:11 | Build | House |
| 6:15 | Create | Villager (Male) |
| 6:37 | Create | Villager (Male) |
| 6:52 | Create | Villager (Male) |
| 7:35 | Create | Villager (Male) |
| 7:51 | Research | Feudal Age |
| 9:04 | Build | Barracks |
| 9:56 | Build | House |
| 10:01 | Build | Mining Camp |
| 10:06 | Create | Villager (Male) |
| 10:10 | Age | Feudal Age |
| 10:10 | Research | Double-Bit Axe |
| 10:11 | Research | Double-Bit Axe |
| 10:11 | Research | Double-Bit Axe |
| 10:12 | Research | Horse Collar |
| 10:12 | Research | Horse Collar |
| 10:18 | Create | Villager (Male) |
| 10:30 | Build | Blacksmith |
| 10:35 | Create | Villager (Male) |
| 10:41 | Build | Farm |
| 10:54 | Create | Villager (Male) |
| 10:59 | Build | Stable |
| 11:06 | Build | Farm |
| 11:27 | Build | Farm |
| 11:42 | Create | Villager (Male) |
| 11:48 | Build | House |
| 11:56 | Build | Farm |
| 12:01 | Build | Farm |
| 12:13 | Build | Farm |
| 12:14 | Create | Villager (Male) |
| 12:18 | Build | Farm |
| 12:31 | Build | House |
| 12:33 | Create | Villager (Male) |
| 12:43 | Build | Farm |
| 12:58 | Create | Villager (Male) |
| 13:12 | Build | Farm |
| 13:26 | Build | House |
| 13:28 | Create | Villager (Male) |
| 13:37 | Build | Farm |
| 13:48 | Create | Villager (Male) |
| 13:58 | Build | Farm |
| 14:05 | Build | Farm |
| 14:19 | Create | Villager (Male) |
| 14:24 | Build | Mining Camp |
| 14:34 | Create | Villager (Male) |
| 15:13 | Research | Wheelbarrow |
| 15:48 | Research | Gold Mining |
| 16:10 | Research | Castle Age |
| 17:16 | Build | Farm |
| 17:21 | Build | Farm |
| 17:31 | Create | Villager (Male) |
| 17:39 | Build | Farm |
| 18:32 | Research | Bloodlines |
| 18:38 | Create | Villager (Male) |
| 19:08 | Age | Castle Age |
| 19:12 | Build | Town Center |
| 19:18 | Create | Villager (Male) |
| 19:22 | Research | Heavy Plow |
| 19:22 | Research | Bow Saw |
| 19:25 | Build | Lumber Camp |
| 19:30 | Build | Monastery |
| 19:38 | Build | House |
| 19:39 | Build | House |
| 19:42 | Build | House |
| 19:44 | Create | Villager (Male) |
| 20:14 | Create | Monk |
| 20:30 | Create | Knight |
| 20:34 | Create | Villager (Male) |
| 20:35 | Create | Villager (Male) |
| 20:37 | Research | Town Watch |
| 20:49 | Build | Siege Workshop |
| 20:52 | Create | Villager (Male) |
| 20:53 | Create | Villager (Male) |
| 21:32 | Create | Villager (Male) |
| 21:33 | Create | Villager (Male) |
| 21:36 | Create | Villager (Male) |
| 21:37 | Create | Villager (Male) |
| 21:41 | Build | Farm |
| 21:42 | Create | Villager (Male) |
| 21:44 | Create | Villager (Male) |
| 22:07 | Build | House |
| 22:08 | Build | House |
| 22:08 | Build | House |
| 22:12 | Create | Battering Ram |
| 22:19 | Build | Barracks |
| 22:23 | Build | Stable |
| 22:24 | Create | Villager (Male) |
| 22:24 | Create | Villager (Male) |
| 22:24 | Create | Villager (Male) |
| 22:25 | Create | Villager (Male) |
| 22:32 | Create | Villager (Male) |
| 22:44 | Build | House |
| 22:55 | Build | Gate |
| 23:01 | Build | Stone Wall |
| 23:03 | Build | Stone Wall |
| 23:09 | Create | Villager (Male) |
| 23:10 | Create | Villager (Male) |
| 23:11 | Create | Villager (Male) |
| 23:20 | Research | Husbandry |
| 23:25 | Research | Scale Mail Armor |
| 23:27 | Research | Forging |
| 23:40 | Research | Bloodlines |
| 23:40 | Create | Scout Cavalry |
| 23:40 | Create | Scout Cavalry |
| 23:46 | Research | Light Cavalry (upgrade) |
Build order — sarfaoui4
92 actions detected in the replay
| 0:01 | Create | Villager (Male) |
| 0:02 | Build | House |
| 0:04 | Build | House |
| 0:34 | Create | Villager (Male) |
| 0:57 | Create | Villager (Male) |
| 1:21 | Create | Villager (Male) |
| 1:39 | Create | Villager (Male) |
| 1:57 | Create | Villager (Male) |
| 2:21 | Create | Villager (Male) |
| 2:45 | Create | Villager (Male) |
| 3:20 | Create | Villager (Male) |
| 3:46 | Create | Villager (Male) |
| 4:10 | Create | Villager (Male) |
| 4:13 | Build | House |
| 4:31 | Create | Villager (Male) |
| 4:52 | Create | Villager (Male) |
| 5:20 | Create | Villager (Male) |
| 5:30 | Build | Lumber Camp |
| 5:50 | Create | Villager (Male) |
| 6:06 | Create | Villager (Male) |
| 6:21 | Create | Villager (Male) |
| 6:24 | Build | House |
| 6:49 | Create | Villager (Male) |
| 7:09 | Create | Villager (Male) |
| 7:19 | Build | Mining Camp |
| 7:32 | Create | Villager (Male) |
| 8:05 | Create | Villager (Male) |
| 8:29 | Create | Villager (Male) |
| 8:41 | Research | Feudal Age |
| 9:34 | Build | Mill |
| 10:00 | Build | House |
| 10:49 | Create | Villager (Male) |
| 10:49 | Create | Villager (Male) |
| 11:04 | Age | Feudal Age |
| 11:13 | Build | Market |
| 11:17 | Build | Blacksmith |
| 12:06 | Create | Villager (Male) |
| 12:37 | Research | Castle Age |
| 13:44 | Build | House |
| 13:51 | Create | Villager (Male) |
| 13:51 | Create | Villager (Male) |
| 13:52 | Create | Villager (Male) |
| 14:28 | Research | Double-Bit Axe |
| 15:17 | Age | Castle Age |
| 15:22 | Build | Monastery |
| 15:46 | Build | Monastery |
| 15:57 | Build | Farm |
| 15:57 | Build | Farm |
| 15:57 | Build | Farm |
| 15:57 | Build | Farm |
| 15:58 | Build | Farm |
| 16:07 | Create | Monk |
| 16:28 | Create | Villager (Male) |
| 16:46 | Create | Monk |
| 16:48 | Create | Monk |
| 16:58 | Build | Siege Workshop |
| 17:06 | Build | Monastery |
| 17:11 | Create | Villager (Male) |
| 17:15 | Build | Farm |
| 17:41 | Create | Monk |
| 17:44 | Research | Sanctity |
| 17:47 | Build | House |
| 17:56 | Research | Fervor |
| 18:04 | Research | Gold Mining |
| 18:21 | Build | Mining Camp |
| 18:26 | Create | Villager (Male) |
| 18:26 | Create | Villager (Male) |
| 18:50 | Create | Battering Ram |
| 18:54 | Build | House |
| 18:57 | Create | Monk |
| 19:06 | Create | Villager (Male) |
| 19:16 | Create | Monk |
| 19:26 | Create | Battering Ram |
| 19:29 | Build | House |
| 19:39 | Create | Villager (Male) |
| 19:44 | Create | Monk |
| 19:51 | Build | House |
| 20:15 | Create | Battering Ram |
| 20:44 | Create | Monk |
| 20:44 | Create | Monk |
| 20:51 | Build | House |
| 20:57 | Create | Monk |
| 21:31 | Create | Monk |
| 21:34 | Create | Monk |
| 21:53 | Build | Watch Tower |
| 22:12 | Create | Villager (Male) |
| 22:13 | Create | Villager (Male) |
| 22:59 | Build | House |
| 23:27 | Build | House |
| 23:28 | Create | Villager (Male) |
| 23:29 | Create | Villager (Male) |
| 23:29 | Create | Villager (Male) |
Match timeline
| 9:04 | BaWro · first_building Barracks |
| 10:10 | BaWro · age_up feudal |
| 10:59 | BaWro · first_building Stable |
| 11:04 | sarfaoui4 · age_up feudal |
| 11:19 | 菜是原罪 · age_up feudal |
| 11:28 | Kobas394 · age_up feudal |
| 12:30 | sarfaoui4 · first_market_sell 100 wood |
| 12:54 | Kobas394 · first_building Barracks |
| 14:27 | sarfaoui4 · first_market_buy 100 food |
| 15:17 | sarfaoui4 · age_up castle |
| 15:22 | sarfaoui4 · first_building Monastery |
| 15:36 | 菜是原罪 · age_up castle |
| 16:58 | sarfaoui4 · first_building Siege Workshop |
| 18:21 | Kobas394 · age_up castle |
| 19:08 | BaWro · age_up castle |
| 19:30 | BaWro · first_building Monastery |
| 20:15 | Kobas394 · first_building Monastery |
| 20:40 | 菜是原罪 · first_building Siege Workshop |
| 20:49 | BaWro · first_building Siege Workshop |
| 21:55 | Kobas394 · first_building Archery Range |
| 23:01 | BaWro · wall_segment Stone Wall x1 |
| 23:03 | BaWro · wall_segment Stone Wall x6 |
| 23:52 | 菜是原罪 · resign |
[ AI ANALYSIS · 1 CREDIT ]
What really happened in this match?
Wolo.gg analyzes every decision: build order, eco, micro, common mistakes by bracket. Personalized analysis on WhatsApp or Discord in 30 seconds.
Civ guide
Goths
Map guide
Arena
Perfil
Jugador #20068794